 Dungeon Crawl Stone Soup version 0.22.1-1-ga44c0e5 (webtiles) character file.

3049 eccles the Cleaver (level 9, -5/77 (79) HPs)
             Began as a Minotaur Berserker on Oct 24, 2018.
             Was an Elder of Trog.
             Killed from afar by an electric eel (6 damage)
             ... with a bolt of electricity
             ... on level 8 of the Dungeon on Oct 26, 2018.
             The game lasted 00:33:58 (5675 turns).

eccles the Cleaver (Minotaur Berserker)             Turns: 5675, Time: 00:33:58

HP:   -5/77 (79)    AC:  9    Str: 22    XL:     9   Next: 57%
MP:   8/8           EV: 13    Int:  4    God:    Trog [****..]
Gold: 355           SH:  0    Dex: 13    Spells: 8/8 levels left

rFire    . . .     SeeInvis .   u - +2 war axe
rCold    . . .     Gourm    .   (no shield)
rNeg     . . .     Faith    .   f - +0 ring mail
rPois    .         Spirit   .   (helmet restricted)
rElec    .         Reflect  .   (no cloak)
rCorr    .         Harm     .   q - +2 pair of gloves
MR       .....                  (no boots)
Stlth    +.........             (no amulet)
HPRegen  0.22/turn              (no ring)
MPRegen  0.11/turn              (no ring)

@: no status effects
A: retaliatory headbutt, horns 2
a: Berserk, Trog's Hand, Brothers in Arms, Renounce Religion


You were on level 8 of the Dungeon.
You worshipped Trog.
Trog was greatly pleased with you.
You were hungry.

You visited 1 branch of the dungeon, and saw 8 of its levels.

You collected 355 gold pieces.

Inventory:

Hand Weapons
 a - a +2 hand axe
 r - a +0 flail of draining
 u - a +2 war axe (weapon)
Missiles
 v - 10 tomahawks (quivered)
Armour
 b - a +0 animal skin
 f - a +0 ring mail (worn)
 n - a -2 ring mail
 q - a +2 pair of gloves (worn)
 s - a +2 ring mail of fire resistance
 y - a +0 chain mail
Jewellery
 k - an uncursed ring of teleportation
Wands
 l - a wand of iceblast (30)
 x - a wand of flame (25)
Scrolls
 d - 4 scrolls of fog
 e - 6 scrolls of teleportation
 i - a scroll of amnesia
 j - 4 scrolls of magic mapping
 m - a scroll of enchant armour
 o - 3 scrolls of blinking
 t - 2 scrolls of fear
Potions
 g - 3 potions of curing
 h - a potion of berserk rage
 w - a potion of heal wounds
Comestibles
 c - 12 rations
 p - 8 chunks of flesh


   Skills:
 * Level 7.4 Fighting
 * Level 11.9 Axes
 + Level 7.1 Armour
 + Level 5.0 Dodging
 + Level 1.9 Stealth


You had 8 spell levels left.
You didn't know any spells.
Your spell library was empty.

Dungeon Overview and Level Annotations

Branches:
Dungeon (8/15)             Temple (0/1) D:6
   Lair: D:8-11

Altars:
Dithmenos
Fedhas
Makhleb
Nemelex Xobeh
Trog
Vehumet
Xom

Shops:
D:4 *   D:6 =   D:7 (

Annotations:
D:6 2 transporters


Innate Abilities, Weirdness & Mutations

You reflexively headbutt those who attack you in melee.
You have a pair of horns on your head.


Message History

The electric eel shoots out a bolt of lightning at you!
The bolt of electricity hits you!
The bolt of electricity hits the plant.
The electric eel shoots out a bolt of lightning at you!
The bolt of electricity hits you!
You are feeling hungry.
The electric eel shoots out a bolt of lightning at you!
The bolt of electricity hits you!
The electric eel shoots out a bolt of lightning at you!
The bolt of electricity hits the plant.
The bolt of electricity hits you!
* * * LOW HITPOINT WARNING * * *
A bullfrog comes into view.
The bullfrog croaks.
The electric eel shoots out a bolt of lightning at you!
The bolt of electricity hits the plant.
The bolt of electricity hits you!
* * * LOW HITPOINT WARNING * * *
The electric eel shoots out a bolt of lightning at you!
The bolt of electricity hits the plant.
The plant is destroyed!
The bolt of electricity hits the plant.
The bolt of electricity hits you!
You die...

..≈≈≈≈≈≈..P.P....
..≈≈≈≈≈≈..P.P.P.P.P.
..≈≈≈≈≈...P.P.P.P...
..≈≈≈≈≈...P.P.P.P.P.
..≈≈≈≈;.P.P.P...P...
..≈≈≈≈≈...P.P.P.F.P.
..≈≈≈≈≈.P...P...P.P.
.≈≈≈≈≈..P.P.P.....P.
............@.......
....................
≈≈≈≈≈≈.............♣
≈≈≈≈≈..............♣
≈≈≈≈≈...#'''#......♣
≈≈≈≈...##...##.....♣
≈≈≈≈..##.....##....♣
≈≈≈≈..#...<...#...♣♣
≈≈≈...#.......# .♣♣


You could see a bullfrog and an electric eel.

Vanquished Creatures
  Pikel (D:6)
  The ghost of SaintRoka the Ruffian, a novice BaAs (D:6)
  Edmund (D:6)
  A water moccasin (D:5)
  Duvessa (D:4)
  An orc warrior (D:7)
  A sky beast (D:7)
  An ice beast (D:6)
  A necrophage (D:5)
  4 ogres
  A centaur (D:7)
  4 bullfrogs
  A water moccasin zombie (D:6)
  Dowan (D:4)
  A scorpion (D:5)
  A howler monkey (D:4)
  2 crimson imps
  A centaur zombie (D:6)
  3 bullfrog zombies
  A centaur skeleton (D:5)
  A hound (D:7)
  A bullfrog skeleton (D:6)
  3 iguanas
  6 orc wizards
  2 worker ants
  A hound skeleton (D:6)
  2 worker ant zombies
  8 adders
  A shadow imp (D:6)
  An ooze (D:3)
  An adder skeleton (D:4)
  An adder zombie (D:6)
  A worm (D:2)
  2 dart slugs
  A leopard gecko (D:5)
  19 orcs
  2 ball pythons
  A giant cockroach (D:4)
  7 goblins
  6 hobgoblins
  9 jackals
  4 quokkas
  6 bats
  8 frilled lizards
  8 kobolds
  A leopard gecko skeleton (D:7)
  10 rats
142 creatures vanquished.

Vanquished Creatures (others)
  A plant (D:8)
  4 toadstools (D:1)
5 creatures vanquished.

Grand Total: 147 creatures vanquished

Notes
Turn   | Place    | Note
-------+----------+-------------------------------------------
     0 | D:1      | eccles the Minotaur Berserker began the quest for the Orb.
     0 | D:1      | Reached XP level 1. HP: 19/19 MP: 0/0
   286 | D:1      | Reached XP level 2. HP: 27/27 MP: 1/1
   330 | D:1      | Reached skill level 4 in Axes
   589 | D:2      | Reached XP level 3. HP: 33/33 MP: 2/2
   625 | D:2      | Reached ** piety under Trog
   699 | D:2      | Found a burning altar of Makhleb.
   794 | D:2      | Found a burning altar of Makhleb.
  1682 | D:3      | Reached XP level 4. HP: 41/41 MP: 3/3
  2054 | D:3      | Noticed an ogre
  2063 | D:3      | Killed an ogre
  2063 | D:3      | Reached skill level 5 in Axes
  2063 | D:3      | Reached skill level 1 in Stealth
  2063 | D:3      | Reached XP level 5. HP: 23/47 MP: 4/4
  2129 | D:3      | Found a bloodstained altar of Trog.
  2208 | D:4      | Noticed Dowan
  2210 | D:4      | Noticed Duvessa
  2211 | D:4      | Noticed an ogre
  2219 | D:4      | Killed Dowan
  2219 | D:4      | Reached XP level 6. HP: 40/55 MP: 5/5
  2220 | D:4      | Reached skill level 5 in Fighting
  2223 | D:4      | Killed Duvessa
  2223 | D:4      | Reached skill level 6 in Axes
  2571 | D:4      | Reached XP level 7. HP: 55/61 MP: 6/6
  2647 | D:4      | Found Asuasirph's Assorted Antiques.
  2985 | D:5      | Entered Level 5 of the Dungeon
  3050 | D:5      | Found a shimmering altar of Xom.
  3059 | D:5      | Reached skill level 7 in Axes
  3083 | D:5      | Reached skill level 5 in Armour
  3212 | D:5      | Reached *** piety under Trog
  3268 | D:5      | Reached skill level 8 in Axes
  3372 | D:5      | Found a shadowy altar of Dithmenos.
  3561 | D:5      | Reached XP level 8. HP: 25/68 MP: 7/7
  3784 | D:6      | Noticed Eustachio
  3842 | D:6      | Found a transporter.
  3859 | D:6      | Noticed a kobold demonologist
  3860 | D:6      | Noticed a kobold demonologist
  3864 | D:6      | Found a transporter.
  4012 | D:6      | Noticed Edmund
  4024 | D:6      | Killed Edmund
  4024 | D:6      | Reached skill level 9 in Axes
  4074 | D:6      | Noticed Pikel
  4087 | D:6      | Killed Pikel
  4087 | D:6      | Reached skill level 10 in Axes
  4161 | D:6      | Found Ijiomyd's Jewellery Boutique.
  4226 | D:6      | Found a staircase to the Ecumenical Temple.
  4471 | D:6      | Reached XP level 9. HP: 76/76 MP: 8/8
  4503 | D:6      | Found a runed gate.
  4504 | D:6      | Found a runed gate.
  4505 | D:6      | Found a runed gate.
  4511 | D:6      | Noticed SaintRoka's ghost (novice BaAs)
  4686 | D:6      | Found a blossoming altar of Fedhas.
  4812 | D:6      | Killed SaintRoka's ghost
  4812 | D:6      | Reached skill level 11 in Axes
  4891 | D:7      | Found Veiprism's Weapon Shop.
  5009 | D:7      | Found a sparkling altar of Nemelex Xobeh.
  5118 | D:7      | Found a radiant altar of Vehumet.
  5319 | D:7      | Reached skill level 5 in Dodging
  5449 | D:7      | Reached **** piety under Trog
  5674 | D:8      | HP: 1/77 [electric eel/bolt of electricity (18)]
  5675 | D:8      | Killed from afar by an electric eel

Skill      XL: |  1  2  3  4  5  6  7  8  9 |
---------------+----------------------------+-----
Fighting       | 4 5 6 7 |  7.4
Axes           | 4 5 6 8 10 11 | 11.9
Dodging        | 3 4 5 |  5.0
Armour         | 3 4 5 6 7 |  7.1
Stealth        | 1 |  1.9

Action                   |  1- 3 |  4- 6 |  7- 9 || total
-------------------------+-------+-------+-------++-------
Melee: Hand axe          |   104 |    59 |   116 ||   279
       Headbutt          |    15 |     7 |    49 ||    71
       War axe           |       |       |   106 ||   106
Invok: Berserk           |       |     1 |     1 ||     2
  Use: Potion            |     6 |       |     3 ||     9
       Scroll            |     5 |     2 |     8 ||    15
 Stab: Sleeping          |     1 |       |       ||     1
  Eat: Chunk             |     2 |     4 |     7 ||    13
       Ration            |       |       |     1 ||     1
Armor: Animal skin       |    15 |       |       ||    15
       Ring mail         |     6 |    16 |    72 ||    94
Dodge: Dodged            |    89 |    31 |   116 ||   236
